← All builds
Geo / Armada / Economy first / OBSERVED BUILD

Stormbringer bombers

Armada Geo build order · Supreme Isthmus

Geo builds an Aircraft Plant right after its advanced geo and pushes T1 Stormbringer bombers forward from about 7:26, hitting into the middle and enemy base well before T2 units normally arrive.

Usually blows up the commander for T2 (70%)

#air #raid #push · 160 distinct matches · 44 players · 6% of Armada Geo games · team won 70% of 165 · Recently observed

THE CATCH, AND WHAT COMES WITH IT
  • StormbringerT1 air bombers from 7:26 · 10% of role by thenFrom the Aircraft Plant. Only 10% of Geo games have it by then; others who build it get it around 7:42
  • Aircraft PlantAircraft Plant in 99%17% of all Geo games by then
  • FalconFighter in 80%10% of all Geo games by then
  • FalconFighter in 44%7% of all Geo games by then

Started with Stormbringer (98%), Whirlwind (2%).

Where those units first fight, in 159 games with kill data: in the enemy base 54%, in the middle 43%.

Those units destroy a typical 2,463 metal of enemy units by 15:00.

Then transitions into Starlight (21% of army), Jaguar (10% of army), fighter (9% of army).

HOW TO PLAY IT

Key timing: Stormbringer bombers by 7:15

  1. Open Bot Lab and geo as usual, then add an Aircraft Plant very early.
  2. Get the Geothermal Powerplant up on the normal fast schedule.
  3. Finish the Aircraft Plant well ahead of the role's usual pace.
  4. Push T1 bombers led by Stormbringer straight into the enemy base.
  5. Switch into the usual T2 constructor and Starlight work for the team.

Phase by phase

TYPICAL OF ITS 160 GAMES · AGAINST STANDARD GEO
  1. 1
  2. 2
  3. 3
  4. 4
  5. 5
  6. 6
PLAY THE OPENING

Follow the example game's first 8:26 step by step: what to build now, what comes next, and where it goes. At 1× it keeps pace with your own game.

  1. 1

    Up to the Bot Lab

    Economy
    • Metal Extractor3Mex
    • Wind Turbine4Wind
    Order
    1. Bot LabBot Lab after 3 mex, 4 winddone ~1:15, middle half 0:55–1:23

    By 0:59 in all: 3 mex · 4 wind

    The example game in this phase · 3 steps
    1. Mex ×2
    2. Wind ×4
    3. Bot LabBot Labdone 0:59 · typical 1:15
  2. 2

    Bot Lab to 5:00

    Economy
    • Metal Extractor1Mex
    • Wind Turbine2Wind
    • Energy Converter7Converter
    • Energy Storage1Energy storage
    Order
    1. Geothermal PowerplantGeo after 4 mex, 4 wind, 1 energy storage
    2. Bot LabEat Bot Lab
    Builders
    • Construction Turret5 Con turret
    • Lazarus5 Lazarus
    • Construction Bot2 Con bot
    • Lazarus1 Lazarus for allies
    • Construction Bot1 Con bot for allies

    By 5:00 in all: 4 mex · 6 wind · 1 geo · 7 converter · 1 energy storage · 5 con turret

    The example game in this phase · 36 steps
    1. LazarusLazarus ×3
    2. Construction BotCon bot
    3. Construction BotCon botfor Beach sea
    4. Con turret
    5. Mex
    6. LazarusLazarus
    7. Geothermal PowerplantGeodone 3:26 · typical 3:24
    8. LazarusLazarus
    9. Mex
    10. LazarusLazarus
    11. Converter
    12. PawnPawn ×2
    13. CrossbowCrossbow
    14. Bot LabEat Bot Labreclaimed for its metal
    15. Con turret
    16. Energy storage
    17. Converter
    18. Con turret
    19. Converter ×5
    20. Wind ×3
    21. Converter
    22. Wind
    23. Converter
    24. Wind ×2
    25. Advanced Bot LabAdvanced Bot Labnot finished by 15:00
    26. Converter
    27. Advanced Bot LabEat Advanced Bot Labreclaimed for its metal
    28. Wind
    29. Converter
    30. Wind
    31. Converter
    32. Wind
    33. Converter
    34. Wind
    35. Converter
    36. Wind
  3. 3

    5:00 to T1 air bombers

    Economy
    • Wind Turbine2Wind+2 vs standard
    • Energy Converter2Converter
    Order
    1. Advanced Geothermal PowerplantAdvanced Geothermal Powerplant after 8 wind, 10 converter, 7 con turret
    2. Aircraft PlantAircraft Plant after 10 wind, 11 converter, 7 con turret
    3. StormbringerT1 air bombers after 10 wind, 11 converter, 8 con turret
    Builders
    • Construction Turret2 Con turret

    By 7:26 in all: 4 mex · 10 wind · 1 geo · 1 Advanced Geothermal Powerplant · 11 converter · 1 energy storage

    The example game in this phase · 23 steps
    1. Converter
    2. Wind ×2
    3. Metal storage
    4. Wind
    5. Converter
    6. Wind ×2
    7. Converter
    8. Wind ×6
    9. Radar TowerRadar Tower
    10. Con turret
    11. Advanced Geothermal PowerplantAdvanced Geothermal Powerplantdone 7:48 · typical 7:14
    12. Advanced Metal ExtractorT2 mex ×2done 6:34 · typical 5:33
    13. Con turret
    14. Advanced Metal ExtractorT2 mex
    15. Con turret
    16. Advanced Metal ExtractorT2 mex
    17. BeamerBeamer
    18. Construction VehicleCon vehicle
    19. Aircraft PlantAircraft Plantdone 8:22 · typical 7:18
    20. Con turret
    21. Vehicle PlantEat Vehicle Plantreclaimed for its metal
    22. Aircraft PlantAircraft Plantdone 8:29
    23. StormbringerBomberdone 8:35
  4. 4

    T1 air bombers to Vehicle Plant

    Order
    1. Vehicle PlantVehicle Plant after 13 wind, 12 converter, 8 con turretdone ~8:46, middle half 7:57–9:29
    Army
    • Stormbringer14 Bomber +14 vs standard

    Some games also: fighter (45%) · con turret (41%) · wind (35%) · converter (34%)

    By 8:38 in all: 4 mex · 15 wind · 1 geo · 1 Advanced Geothermal Powerplant · 13 converter · 1 energy storage

    The example game in this phase · 1 step
    1. Vehicle PlantVehicle Plantdone 7:52 · typical 8:46
  5. 5

    Vehicle Plant to Advanced Vehicle Plant

    Order
    1. Advanced Vehicle PlantAdvanced Vehicle Plant after 16 wind, 15 converter, 9 con turretdone ~9:57, middle half 9:27–10:45
    Builders
    • Construction Vehicle1 Con vehicle

    Some games also: fighter (44%) · bomber (36%) · wind (31%)

    By 9:34 in all: 4 mex · 17 wind · 1 geo · 1 Advanced Geothermal Powerplant · 15 converter · 1 energy storage

    The example game in this phase · 29 steps
    1. FalconFighter
    2. StormbringerBomber
    3. Con turret
    4. FalconFighter
    5. StormbringerBomber
    6. FalconFighter
    7. StormbringerBomber
    8. FalconFighter
    9. StormbringerBomber
    10. FalconFighter
    11. StormbringerBomber
    12. FalconFighter
    13. StormbringerBomber
    14. FalconFighter
    15. StormbringerBomber
    16. FalconFighter
    17. StormbringerBomber
    18. FalconFighter
    19. StormbringerBomber
    20. FalconFighter
    21. StormbringerBomber
    22. FalconFighter
    23. StormbringerBomber
    24. FalconFighter ×17
    25. Aircraft PlantEat Aircraft Plantreclaimed for its metal
    26. Con turret
    27. Aircraft PlantEat Aircraft Plantreclaimed for its metal
    28. Con turret
    29. Advanced Vehicle PlantAdvanced Vehicle Plantdone 11:05 · typical 9:57
  6. 6

    Advanced Vehicle Plant to 15:00

    Economy
    • Wind Turbine8Wind−8 vs standard
    • Energy Converter3Converter+3 vs standard
    Order
    1. Aircraft PlantEat Aircraft Plant
    2. Vehicle PlantEat Vehicle Plant in 74% of games
    Army
    • Starlight2 Starlight
    • Umbra1 Jammer
    • Prophet1 Radar vehicle

    Some games also: con turret (49%) · Jaguar (48%) · T2 con vehicle for allies (36%) · T2 con vehicle (34%)

    The standard build makes here, this one skips: 5 Jaguar

    By 15:00 in all: 4 mex · 30 wind · 1 geo · 1 Advanced Geothermal Powerplant · 21 converter · 1 energy storage

    The example game in this phase · 37 steps
    1. Con turret
    2. UmbraJammerfor Suicide front
    3. Con turret
    4. ProphetRadar vehiclefor Suicide front
    5. BeamerBeamer
    6. StarlightStarlightfor Suicide frontdone 11:32 · typical 10:50
    7. BeamerBeamer
    8. StarlightStarlightfor Suicide front
    9. Con turret
    10. Converter ×2
    11. StarlightStarlightfor Suicide front
    12. Converter ×4
    13. JaguarJaguar ×2for Suicide front
    14. Converter
    15. JaguarJaguarfor Suicide front
    16. BeamerBeamer
    17. Converter
    18. JaguarJaguar ×2for Suicide front
    19. Converter
    20. JaguarJaguarfor Suicide front
    21. Converter
    22. JaguarJaguar ×2for Suicide front
    23. Converter
    24. JaguarJaguarfor Suicide front
    25. Converter
    26. JaguarJaguar ×4for Suicide front
    27. Converter
    28. JaguarJaguarfor Suicide front
    29. Converter
    30. JaguarJaguar
    31. Advanced Construction VehicleT2 con vehicle
    32. Converter
    33. Fusion ReactorFusionnot finished by 15:00
    34. JaguarJaguar
    35. T2 converter
    36. Converter
    37. T2 converter

Counts are medians over the build's games: half of them build more, half fewer. The example game is whitetiger2819's (31 OS, 07/09/2026); pick another.

Team trades

IN AT LEAST 30% OF ITS GAMES

You hand over

  • Lazarus1 Lazarus to Beach seafirst at 2:23 · in 78% of games
  • Construction Bot1 Con bot to Beach seafirst at 2:31 · in 90% of games
  • Advanced Construction Vehicle1 T2 con vehicle to Front or Suicide frontfirst at 10:42 · in 36% of games

You get

  • Hercules1 Light transport from Airfirst at 4:22 · in 50% of games
  • Advanced Construction Bot1 T2 con bot from Techfirst at 4:50 · in 98% of games
  • Valiant11 Valiant from Airfirst at 8:50 · in 50% of games

How it plays out

Typical game of this build against the role’s standard build, running totals by minute

  • This build
  • Standard geo

Metal produced

020k40k
0:005:0010:0015:00

metal

Enemy metal destroyed

05k10k15k
0:005:0010:0015:00

metal

Own metal lost

02k4k6k
0:005:0010:0015:00

metal

165 games.

Show as table
ByMetal produced: This buildMetal produced: Standard geoEnemy metal destroyed: This buildEnemy metal destroyed: Standard geoOwn metal lost: This buildOwn metal lost: Standard geo
1:003423330000
2:008668590000
3:00151115270000
4:00270526700000
5:00372936940000
6:00573756360000
7:00814580250000
8:0010979113470000
9:0013871144060435184
10:00169861727517954721329194
11:001984420123350917452700520
12:0023137229894369361833831605
13:0025860257335639587237132970
14:0028751285867328824545704420
15:00312563135588231020155985586
WHAT THE NUMBERS SAY

Won far more often than the standard build and destroyed much more enemy metal by 10:00 despite heavier own losses.

  • + Destroyed 2819 enemy metal by 10:00 vs 534 standard.
  • + Won more often than the standard build (69% vs 54%).
  • − Own losses jump to 1857 by 10:00 vs just 260 standard.
  • − Metal production and 15:00 enemy metal destroyed both slightly trail standard.
THE EXAMPLE YOU ARE READING

whitetiger2819

31.1 OS · 07/09/2026

Open source match ↗

18 received units · includes a constructor
208 metal received · 152169 energy received

Allied construction assistance is unknown. Timings are observations, not a promise of solo reproducibility.

Typical milestones

Bot Lab1:15Middle 50%: 0:55–1:23 · n=165
Geothermal Powerplant3:24Middle 50%: 3:10–3:38 · n=165
Advanced Metal Extractor5:33Middle 50%: 5:19–6:01 · n=163
Advanced Geothermal Powerplant7:14Middle 50%: 6:51–7:34 · n=147
Aircraft Plant7:18Middle 50%: 6:53–7:38 · n=163
Vehicle Plant8:46Middle 50%: 7:57–9:29 · n=141
Advanced Vehicle Plant9:57Middle 50%: 9:27–10:45 · n=122
Starlight10:50Middle 50%: 10:06–11:43 · n=92

Played most by

PongoPygmaeus25games of this buildNutzz20games of this buildViltrum17games of this buildzeus_on_god13games of this buildIMBALANCED10games of this build